 Dungeon Crawl Stone Soup version 0.30-a0-808-g6e0788376e (webtiles) character file.

Game seed: 7917061411961092494

91205 Jeffwins the Destroyer (level 16, -1/99 HPs)
             Began as a Human Wanderer on Feb 26, 2023.
             Was the Champion of Vehumet.
             Slain by Donald
             ... wielding a +3 broad axe of freezing
              (8 damage)
             ... on level 2 of the Orcish Mines.
             The game lasted 00:57:56 (28939 turns).

Jeffwins the Destroyer (Human Wanderer)            Turns: 28939, Time: 00:57:56

Health: -1/99      AC: 19    Str: 14 (17) XL:     16   Next: 49%
Magic:  10/29      EV: 11    Int: 28 (29) God:    Vehumet [******]
Gold:   2229       SH: 12    Dex: 14 (15) Spells: 12/33 levels left

rFire   . . .      SeeInvis .    a - +2 sling (flame)
rCold   . . .      Faith    .    P - +2 buckler {AC+3}
rNeg    . . .      Spirit   .    W - +0 troll leather armour
rPois   +          Reflect  +    e - +2 helmet
rElec   +          Harm     .    y - +2 cloak "Veuw" {rElec}
rCorr   .          Rampage  .    V - +2 pair of gloves
Will    +....                    B - +2 pair of boots
Stlth   +++                      w - amulet of reflection
HPRegen 1.16/turn                x - ring "Bomisho" {Drain rPois Str+2 Int+3 Dex+4}
MPRegen 0.21/turn                I - +6 ring of intelligence

@: very slightly contaminated
A: no striking features
a: Renounce Religion


You were on level 2 of the Orcish Mines.
You worshipped Vehumet.
Vehumet was exalted by your worship.
You visited 4 branches of the dungeon, and saw 22 of its levels.
You also visited: Sewer, Ossuary and Ice Cave.

You collected 2637 gold pieces.
You spent 408 gold pieces at shops.


   Skills:
 - Level 1.0 Fighting
 - Level 4.0 Short Blades
 * Level 4.7 Maces & Flails
 - Level 8.0 Polearms
 * Level 7.8 Ranged Weapons
 + Level 2.3 Throwing
 - Level 2.0 Dodging
 - Level 5.0 Stealth
 + Level 5.6 Shields
 * Level 9.4 Spellcasting
 * Level 9.7 Conjurations
 * Level 9.4 Necromancy
 - Level 6.0 Fire Magic
 * Level 9.2 Ice Magic
 * Level 9.0 Air Magic
 * Level 9.7 Earth Magic
 + Level 6.0 Evocations


You had 12 spell levels left.
You knew the following spells:

 Your Spells              Type           Power      Damage    Failure   Level
a - Foxfire               Conj/Fire      100%       2x1d9     1%          1
c - Ozocubu's Refrigerat  Ice            29%        4d14      32%         7
v - Borgnjor's Vile Clut  Necr/Erth      30%        N/A       3%          5
x - Stone Arrow           Conj/Erth      100%       3d13      1%          3
z - Freezing Cloud        Conj/Ice/Air   30%        6-21      1%          5

Your spell library contained the following spells:

 Spells                   Type           Power      Damage    Failure   Level
 Iskenderun's Battlesphe  Conj           61%        2d11      1%          5
 Necrotise                Necr           100%       1d9       1%          1
 Inner Flame              Hex/Fire       30%        N/A       1%          3
 Kindle Blastsparks       Fire/Tloc/Air  82%        2d16      1%          3
 Animate Dead             Necr           60%        N/A       1%          4
 Flame Wave               Conj/Fire      55%        2d13      1%          4
 Sticky Flame             Conj/Fire      55%        2d7       1%          4
 Ignite Poison            Fire/Tmut/Pois 24%        N/A       2%          3
 Apportation              Tloc           26%        N/A       7%          1
 Summon Small Mammal      Summ           52%        N/A       7%          1
 Animate Armour           Summ/Erth      80%        N/A       9%          4
 Summon Lightning Spire   Summ/Air       38%        N/A       11%         4
 Olgreb's Toxic Radiance  Pois           13%        N/A       17%         4
 Death Channel            Necr           30%        N/A       22%         6
 Lehudib's Crystal Spear  Conj/Erth      30%        10d8      87%         8
 Alistair's Intoxication  Tmut/Pois      8%         N/A       88%         5
 Maxwell's Capacitive Co  Air            29%        ∞         92%         8
 Storm Form               Tmut/Air       19%        N/A       100%        7
 Ignition                 Fire           23%        3d8       100%        8

Inventory:

Hand Weapons
 a - a +2 sling of flaming (weapon)
 b - the +8 whip "Snakebite" {venom, curare, rPois, =f}
   (You found it on level 1 of the Lair of Beasts)

   rPois:     It protects you from poison.
Missiles
 m - a throwing net {=f}
 o - 6 curare-tipped darts {=f}
 s - 24 poisoned darts
Armour
 e - a +2 helmet (worn)
 h - a +0 kite shield of cold resistance
 r - the +6 scale mail of the Evening {Str+6}
   (You found it in an ice cave)

   Str:       It affects your strength (+6).
 y - the +2 cloak "Veuw" (worn) {rElec}
   (You acquired it on level 1 of the Lair of Beasts)

   rElec:     It insulates you from electricity.
 B - a +2 pair of boots (worn)
 P - a +2 buckler of protection (worn)
 T - the +4 scale mail "Qujiuk" {rC+ rCorr}
   (You found it on level 10 of the Dungeon)

   rC:        It protects you from cold.
   rCorr:     It protects you from acid and corrosion.
 V - a +2 pair of gloves (worn)
 W - a +0 troll leather armour (worn)
Magical Staves
 g - a staff of air
Jewellery
 v - a ring of see invisible
 w - an amulet of reflection (around neck)
 x - the ring "Bomisho" (left hand) {Drain rPois Str+2 Int+3 Dex+4}
   (You acquired it on level 1 of the Lair of Beasts)

   [ring of poison resistance]

   Str:       It affects your strength (+2).
   Int:       It affects your intelligence (+3).
   Dex:       It affects your dexterity (+4).
   rPois:     It protects you from poison.
   Drain:     It drains your maximum health when unequipped.
 C - a ring of protection from cold
 F - a ring of protection from fire
 I - a +6 ring of intelligence (right hand)
Wands
 q - a wand of roots (5)
 K - a wand of charming (22)
 L - a wand of digging (17)
 S - a wand of flame (33)
 U - a wand of mindburst (7)
Scrolls
 c - 5 scrolls of fog
 f - 3 scrolls of blinking
 l - 5 scrolls of magic mapping
 p - 2 scrolls of summoning
 t - a scroll of brand weapon
 u - 3 scrolls of fear
 A - a scroll of teleportation {@r4}
 G - 2 scrolls of vulnerability {!r}
 J - 4 scrolls of immolation {unknown}
 O - a scroll of poison {!r}
 R - a scroll of silence {!r}
 X - 5 scrolls of enchant armour
 Y - 5 scrolls of enchant weapon
Potions
 d - 10 potions of might
 i - 7 potions of curing {@q1}
 j - 6 potions of flight {unknown}
 k - 3 potions of brilliance {unknown}
 n - 4 potions of cancellation
 z - 3 potions of haste {unknown}
 H - 5 potions of lignification {unknown}
 M - 2 potions of mutation {!q}
 Q - 3 potions of resistance {unknown}
 Z - 4 potions of heal wounds {@q2}
Miscellaneous
 E - a box of beasts (inert)
 N - a phantom mirror

Dungeon Overview and Level Annotations

Branches:
Dungeon (14/15)            Temple (1/1) D:5            Lair (5/5) D:9
 Shoals (0/4) Lair:3       Spider (0/4) Lair:2        Slime (0/5) Lair:5
    Orc (2/2) D:10            Elf (0/3) Orc:2         Sewer (visited)
Ossuary (visited)           IceCv (visited)
 Vaults: D:13-14

Altars:
Ashenzari
Cheibriados
Dithmenos
Elyvilon
Fedhas
Gozag
Hepliaklqana
Kikubaaqudgha
Makhleb
Nemelex Xobeh
Okawaru
Qazlal
Ru
Sif Muna
Trog
Uskayaw
Vehumet
Wu Jian
Xom
Yredelemnul
Zin
The Shining One
Lugonu

Shops:
D:7 =   D:8 **   Orc:2 =

Portals:
Abyss: Lair:5

Annotations:
D:8 6 transporters
Orc:2 Donald

** ##.#...#.....#.. ,**
#..#........#.#. ,,**
###^.........#..!# ,,,* #*****
##.............#)#) ,,,*##.#*,**
##...............#.. ,,,,#$...,,*
#........#..........
*,,,......####........#..........
*,,,....).○§#§§§.....####.....).[
*,,,.....o§§§§§@@....###.......[[
*,,,.)..).§§#§§§......##.....[)[[
*,,,......o##§.........#......[[[
*,,,.....##*###...............).)
,,,,.....,,** ##.............##..
,,,,....,,,,* ##............#..<
,,,,....,,,** *###..........##..
,,,,,,,,,,** **,#........∩.##.#[
,,,,,,,,,,,****,...........##.#..


You could see Donald (fast, strong, reflecting) and an orc wizard (strong).


Message History

Casting: Freezing Cloud (dangerous; 1% risk of failure)
Confirm with . or Enter, or press ? or * to list all spells.
The spell is quite dangerous to miscast (32% risk of failure)!
Continue anyway?
Okay, then.
Casting: Ozocubu's Refrigeration (quite dangerous; 32% risk of failure)
Confirm with . or Enter, or press ? or * to list all spells.
The spell is quite dangerous to miscast (32% risk of failure)!
Continue anyway?
Okay, then.
Casting: Ozocubu's Refrigeration (quite dangerous; 32% risk of failure)
Confirm with . or Enter, or press ? or * to list all spells.
Aiming: Stone Arrow (safe; 1% risk of failure)
Press: ? - help, Shift-Dir - straight line, f - Donald
Aim: Donald, wielding a +3 broad axe of freezing, wearing a +2 plate armour of willpower and wearing a +0 kite shield of reflection (freezing vapour, severely wounded, fast, strong, reflecting blocked projectiles, 89% to hit)
Donald reflects the stone arrow off his +0 kite shield of reflection!
The stone arrow hits you!
Donald is engulfed in freezing vapours.
Donald hits you with a +3 broad axe of freezing!!
* * * LOW HITPOINT WARNING * * *
Donald freezes you!
* * * LOW HITPOINT WARNING * * *
Unknown command.
Aiming: Corrosive Bolt
Press: ? - help, Shift-Dir - straight line, f/p - Donald
Aim: Donald, wielding a +3 broad axe of freezing, wearing a +2 plate armour of willpower and wearing a +0 kite shield of reflection (freezing vapour, severely wounded, fast, strong, reflecting blocked projectiles, 88% to hit)
The bolt of acid hits Donald!!
Donald is almost dead.
The now-empty wand crumbles to dust.
Donald is engulfed in freezing vapours.
Donald hits you with a +3 broad axe of freezing!
* * * LOW HITPOINT WARNING * * *
Donald freezes you!
You die...

Skill      XL: |  1  2  3  4  5  6  7  8  9 10 11 12 13 14 15 16 |
---------------+-------------------------------------------------+-----
Conjurations   | 1 2 3 4 5 6 7 8 9 |  9.7
Fire Magic     | 2 3 4 5 6 |  6.0
Stealth        | 1 2 3 4 5 |  5.0
Short Blades   | 1 2 3 4 |  4.0
Spellcasting   | 3 4 5 6 7 8 9 |  9.4
Ranged Weapons | 4 5 6 7 |  7.8
Earth Magic    | 1 2 3 4 5 6 7 8 9 |  9.7
Necromancy     | 1 2 3 4 5 6 7 8 9 |  9.4
Ice Magic      | 2 3 4 5 6 7 8 9 |  9.2
Air Magic      | 2 3 4 5 7 8 9 |  9.0
Evocations     | 1 2 3 4 5 6 |  6.0
Polearms       | 1 3 5 6 7 8 |  8.0
Shields        | 2 3 4 5 |  5.6
Maces & Flails | 1 3 4 |  4.7
Throwing       | 2 |  2.3
Fighting       | |  1.0
Dodging        | |  2.0

Action                     |  1- 3 |  4- 6 |  7- 9 | 10-12 | 13-15 | 16-18 || total
---------------------------+-------+-------+-------+-------+-------+-------++-------
  Melee: Dagger            |    30 |    47 |     6 |       |       |       ||    83
         Whip              |       |       |       |       |     6 |       ||     6
   Fire: Sling             |    43 |    25 |    97 |   263 |   312 |   169 ||   909
  Throw: Dart              |       |       |     1 |     1 |     8 |       ||    10
   Cast: Foxfire           |    20 |   108 |   215 |    77 |    87 |     8 ||   515
         Stone Arrow       |       |       |    26 |   180 |   354 |   114 ||   674
         Freezing Cloud    |       |       |       |    28 |    56 |    16 ||   100
         Borgnjor's Vile C |       |       |       |       |    15 |     1 ||    16
         Ozocubu's Refrige |       |       |       |       |       |     1 ||     1
  Evoke: Wand              |       |       |     5 |     8 |    10 |     3 ||    26
         Phantom mirror    |       |       |       |       |     1 |     1 ||     2
         Box of beasts     |       |       |       |       |       |     1 ||     1
    Use: Potion            |     4 |       |     2 |     1 |     4 |     2 ||    13
         Scroll            |     1 |       |       |     8 |    16 |     2 ||    27
 Armour: Robe              |     9 |    10 |    23 |       |       |       ||    42
         Ring mail         |       |       |    68 |     9 |       |       ||    77
         Steam dragon scal |       |       |       |    59 |       |       ||    59
         Troll leather arm |       |       |       |    37 |   103 |    62 ||   202
  Dodge: Dodged            |    37 |    43 |   118 |   165 |   104 |    65 ||   532
  Block: Buckler           |       |       |       |    41 |   142 |    84 ||   267
         Reflection        |       |       |       |       |    18 |     4 ||    22

Levels and vault maps discovered:
D:1:      nzn_arrival_depleted_hourglass, layout_basic, minmay_stone_trees_small
D:2:      layout_rooms, chequers_avenue, uniq_natasha, uniq_robin
D:3:      layout_loops_ring, cheibrodos_sewer_entry_drain, uniq_terence,
          uniq_grinder
D:4:      layout_rooms, uniq_sigmund
D:5:      layout_basic, kennysheep_okawaru_gauntlet, makhleb_heckhound_becter,
          temple_pool_b, serial_co_window_serial, co_window_corner_a,
          co_window_paths_b, co_window_of_opportunity_a, co_window_paths_a,
          co_window_paths_b, co_window_corner_a, co_window_paths_b,
          co_window_corner_b, co_window_cross_4, co_window_corner_cb,
          co_window_corner_ca, co_window_of_opportunity_c, glass_columns_c,
          glass_columns_a, glass_columns_b, glass_columns_a
D:6:      layout_gridville, minivault_27, item_on_display_a
D:7:      layout_loops_corners, tgw_xom, serial_shops, kennysheep_little_box,
          grunt_livestock
D:8:      layout_basic, mainiacjoe_overflow_brackets,
          nicolae_ossuary_entry_monument, serial_shops, shop,
          nicolae_shop_behind_doors, serial_nicolae_subway,
          nicolae_sub_station_crystal, nicolae_sub_station_metal,
          nicolae_sub_station_stone
D:9:      layout_gridville, elyvilon_altar_4, overflow_temple_1_default,
          grunt_dithmenos_shadows, lair_entry_dummy, nicolae_eternal_life
D:10:     layout_grid_maze, grunt_gozag_statues, kennysheep_mini_moat,
          orc_0_dummy, minmay_the_grid_2x2 [minmay_the_grid_mess,
          minmay_the_grid_minigrid_small_alt, minmay_the_grid_medium_cups,
          minmay_the_grid_prize_four_corners]
D:11:     layout_basic, serial_curves, eino_curves_04, eino_curves_03,
          hangedman_decor_opposing
D:12:     layout_rooms
D:13:     layout_rooms
D:14:     minmay_nested_s, layout_loops_ring, grunt_vaults_entry_tiered,
          nicolae_hepliaklqana_hazy_memory, uniq_louise, uniq_nessos
Temple:   nicolae_temple_god_jail
Lair:1:   minmay_guarded_unrand_snakebite, layout_cave_shapes
Lair:2:   layout_cave_pods, spider_nest_entry_funnel_web, basic_altar
Lair:3:   layout_gridlike, minmay_shoals_entry_beasts, serial_bayou_shore_a,
          infiniplex_staircase_pool_2, uniq_nergalle
Lair:4:   layout_gridlike, serial_forest, infiniplex_forest_end_double,
          infiniplex_forest_pool, infiniplex_forest_clump_tiny,
          infiniplex_forest_clump_double, infiniplex_forest_clump_large,
          infiniplex_forest_zigzag_1, infiniplex_forest_lined_1,
          infiniplex_forest_lined_3, beast_lair_carwin_8
Lair:5:   hellmonk_lair_end_abyssal_woods, layout_gridlike,
          minmay_slime_entry_jelly_boxes, hibernation_bobbens,
          grunt_megastairs_5
Orc:1:    layout_diamond_mine
Orc:2:    grunt_orc_tribal_feast, layout_diamond_mine,
          portal_ice_cave_entry_pillars_2, serial_shops, shop, uniq_jorgrun,
          uniq_saint_roka, uniq_donald

Notes
Turn   | Place    | Note
-------+----------+-------------------------------------------
     0 | D:1      | Jeffwins the Human Wanderer began the quest for the Orb.
     0 | D:1      | Jeffwins set off with the following items: a +2 sling, a +0
                  | helmet, a scroll of fog, a +0 robe; and the following spell
                  | memorised: Foxfire; and the following spells available to
                  | memorise: Inner Flame.
     0 | D:1      | Reached XP level 1. HP: 15/15 MP: 3/3
   601 | D:1      | Reached XP level 2. HP: 21/21 MP: 5/5
  1038 | D:2      | Reached XP level 3. HP: 26/26 MP: 0/6
  1039 | D:2      | Reached skill level 1 in Conjurations
  1212 | D:2      | Noticed Robin
  1313 | D:2      | Killed Robin
  1314 | D:2      | Reached XP level 4. HP: 15/32 MP: 7/7
  1526 | D:2      | Noticed Natasha
  1532 | D:2      | Killed Natasha
  1533 | D:2      | Reached skill level 2 in Fire Magic
  1587 | D:2      | Reached skill level 1 in Stealth
  1641 | D:2      | Noticed Natasha
  1656 | D:2      | Killed Natasha
  1657 | D:2      | Reached XP level 5. HP: 12/37 MP: 1/9
  1765 | D:2      | Noticed Natasha
  1789 | D:2      | Killed Natasha
  1907 | D:3      | Noticed Grinder
  1908 | D:3      | Paralysed by Grinder for 5 turns
  1938 | D:3      | Noticed Terence
  1950 | D:3      | Killed Terence
  1951 | D:3      | Reached skill level 1 in Short Blades
  1951 | D:3      | Reached skill level 2 in Conjurations
  2079 | D:3      | Found a glowing drain.
  2119 | Sewer    | Entered a sewer
  2225 | Sewer    | Reached XP level 6. HP: 40/42 MP: 6/10
  2410 | Sewer    | Reached skill level 3 in Spellcasting
  2676 | Sewer    | Reached skill level 4 in Ranged Weapons
  2770 | Sewer    | Reached skill level 3 in Fire Magic
  3316 | D:3      | You fall into a shaft and drop 3 floors!
  3413 | D:6      | Reached XP level 7. HP: 48/48 MP: 1/11
  3573 | D:6      | Reached skill level 2 in Stealth
  3687 | D:6      | Learned a level 5 spell: Borgnjor's Vile Clutch
  3708 | D:6      | Reached skill level 3 in Conjurations
  4010 | D:6      | Reached skill level 1 in Earth Magic
  4216 | D:6      | Noticed a water moccasin
  4224 | D:6      | Killed a water moccasin
  4225 | D:6      | Reached skill level 2 in Short Blades
  4225 | D:6      | Reached skill level 1 in Necromancy
  4225 | D:6      | Reached XP level 8. HP: 41/54 MP: 5/13
  4441 | D:5      | Entered Level 5 of the Dungeon
  4530 | D:5      | Found a staircase to the Ecumenical Temple.
  4567 | Temple   | Entered the Ecumenical Temple
  4617 | Temple   | Became a worshipper of Vehumet
  5088 | D:3      | Reached skill level 4 in Spellcasting
  5416 | D:3      | Reached skill level 4 in Fire Magic
  5439 | D:3      | Killed Grinder
  5440 | D:3      | Reached skill level 5 in Ranged Weapons
  5440 | D:3      | Reached skill level 2 in Necromancy
  5440 | D:3      | Reached skill level 2 in Earth Magic
  6155 | D:4      | Noticed Sigmund
  6160 | D:4      | Killed Sigmund
  6161 | D:4      | Reached skill level 4 in Conjurations
  6161 | D:4      | Reached XP level 9. HP: 59/59 MP: 9/15
  6385 | D:4      | Reached * piety under Vehumet
  6385 | D:4      | Offered knowledge of Sandblast by Vehumet.
  6821 | D:5      | Learned a level 5 spell: Freezing Cloud
  6887 | D:5      | Reached skill level 3 in Stealth
  6888 | D:5      | Reached skill level 1 in Ice Magic
  6888 | D:5      | Reached skill level 3 in Earth Magic
  6894 | D:5      | HP: 2/59 [centaur/arrow (8)]
  6897 | D:5      | Reached skill level 1 in Air Magic
  7271 | D:5      | Reached skill level 3 in Necromancy
  7283 | D:5      | Learned a level 3 spell: Stone Arrow
  7340 | D:5      | Found an iron altar of Okawaru.
  7351 | D:5      | Found a burning altar of Makhleb.
  8059 | D:6      | Offered knowledge of Static Discharge by Vehumet.
  8347 | D:7      | Reached ** piety under Vehumet
  8566 | D:7      | Reached skill level 2 in Ice Magic
  9134 | D:7      | Reached skill level 3 in Short Blades
  9134 | D:7      | Reached skill level 5 in Fire Magic
  9134 | D:7      | Reached skill level 2 in Air Magic
  9147 | D:7      | Reached skill level 5 in Spellcasting
  9152 | D:7      | Reached XP level 10. HP: 33/65 MP: 5/17
  9343 | D:7      | Found Zougom's Jewellery Boutique.
  9349 | D:7      | Bought a ring of wizardry for 360 gold pieces
  9435 | D:7      | Reached skill level 1 in Evocations
  9573 | D:7      | Found a shimmering altar of Xom.
  9695 | D:8      | Reached skill level 4 in Earth Magic
  9789 | D:8      | Reached skill level 6 in Ranged Weapons
  9896 | D:8      | Found a sand-covered staircase.
  9950 | D:8      | Reached skill level 5 in Conjurations
  9954 | D:8      | Reached skill level 4 in Necromancy
 10022 | Ossuary  | Entered an ossuary
 10156 | Ossuary  | Offered knowledge of Searing Ray by Vehumet.
 10336 | Ossuary  | Reached skill level 3 in Air Magic
 10460 | Ossuary  | Reached *** piety under Vehumet
 10649 | D:8      | Found an ancient bone altar of Kikubaaqudgha.
 10695 | D:8      | Identified the +6 trident of Wisdom {heavy, Drain rF++}
 10713 | D:8      | Offered knowledge of Olgreb's Toxic Radiance by Vehumet.
 10714 | D:8      | Reached skill level 3 in Ice Magic
 10831 | D:8      | Found a transporter.
 10838 | D:8      | Found Evenuca's General Store.
 10841 | D:8      | Bought a potion of might for 48 gold pieces
 10993 | D:8      | Found a transporter.
 10993 | D:8      | Found a transporter.
 10998 | D:8      | Found a transporter.
 11112 | D:8      | Found Wegipett's General Store.
 11123 | D:8      | Found a transporter.
 11133 | D:8      | Found a transporter.
 11243 | D:9      | Identified the +3 war axe of Morufiw {freeze, rPois Str+2
                  | Dex-3}
 11253 | D:9      | Reached skill level 1 in Polearms
 11372 | D:9      | Found a white marble altar of Elyvilon.
 11755 | D:9      | Reached XP level 11. HP: 70/70 MP: 3/19
 11775 | D:9      | Reached skill level 4 in Stealth
 11888 | D:9      | Found a snail-covered altar of Cheibriados.
 12054 | D:9      | Reached **** piety under Vehumet
 12055 | D:9      | Reached skill level 2 in Polearms
 12058 | D:9      | Reached skill level 1 in Shields
 12058 | D:9      | Reached skill level 2 in Evocations
 12065 | D:9      | Reached skill level 6 in Fire Magic
 12300 | D:9      | Found a staircase to the Lair.
 12370 | D:9      | Found a shadowy altar of Dithmenos.
 12433 | D:10     | Entered Level 10 of the Dungeon
 12436 | D:10     | Found a staircase to the Orcish Mines.
 12456 | D:10     | Noticed a cyclops
 12457 | D:10     | Noticed a centaur warrior
 12460 | D:10     | Noticed a cyan ugly thing
 12460 | D:10     | Noticed a tengu warrior
 12460 | D:10     | Killed a centaur warrior
 12460 | D:10     | Offered knowledge of Flame Wave by Vehumet.
 12461 | D:10     | Reached skill level 4 in Air Magic
 12461 | D:10     | Reached skill level 5 in Earth Magic
 12461 | D:10     | Killed a cyclops
 12462 | D:10     | Reached skill level 4 in Ice Magic
 12464 | D:10     | Killed a tengu warrior
 12465 | D:10     | Reached skill level 6 in Spellcasting
 12465 | D:10     | Reached skill level 5 in Necromancy
 12468 | D:10     | Killed a cyan ugly thing
 12469 | D:10     | Reached skill level 3 in Polearms
 12469 | D:10     | Reached skill level 6 in Conjurations
 12477 | D:10     | Reached skill level 4 in Short Blades
 12488 | D:10     | Noticed an orc knight
 13086 | D:10     | Identified the +4 scale mail "Qujiuk" {rC+ rCorr}
 13125 | D:10     | Found an opulent altar of Gozag.
 13390 | D:10     | Reached skill level 2 in Shields
 13528 | D:10     | Reached XP level 12. HP: 76/76 MP: 8/21
 13857 | D:10     | Reached skill level 4 in Polearms
 13858 | D:10     | Reached skill level 5 in Air Magic
 13859 | D:10     | Reached skill level 5 in Ice Magic
 13859 | D:10     | Reached skill level 3 in Evocations
 14044 | D:10     | Reached skill level 6 in Earth Magic
 14192 | D:10     | Reached ***** piety under Vehumet
 14193 | D:10     | Reached skill level 5 in Stealth
 14276 | D:10     | Found a hide-covered altar of Uskayaw.
 14583 | D:11     | Offered knowledge of Sticky Flame by Vehumet.
 14597 | D:11     | Reached skill level 6 in Necromancy
 14709 | D:11     | Noticed a two-headed ogre
 14712 | D:11     | Noticed a boulder beetle
 15245 | D:11     | Noticed a two-headed ogre
 15251 | D:11     | Killed a two-headed ogre
 15252 | D:11     | Reached skill level 7 in Conjurations
 15523 | D:11     | Killed a two-headed ogre
 15728 | D:12     | Noticed a boulder beetle
 15742 | D:12     | Killed a boulder beetle
 15977 | D:12     | Reached skill level 7 in Spellcasting
 16388 | D:12     | Reached skill level 3 in Shields
 16413 | D:12     | Reached skill level 5 in Polearms
 16417 | D:12     | Reached XP level 13. HP: 51/81 MP: 12/23
 16439 | D:12     | Identified the +3 leather armour of Death's Door {Harm +Inv
                  | rF- Str+3}
 16628 | D:12     | Reached skill level 6 in Air Magic
 16910 | D:13     | Reached skill level 6 in Ice Magic
 17369 | D:13     | Reached skill level 7 in Earth Magic
 17369 | D:13     | Reached skill level 4 in Evocations
 17491 | D:13     | Identified the +4 long sword "Dyqoequs" {pain, Contam
                  | +Blink rF+++ Str-3}
 17778 | D:14     | Noticed a centaur warrior
 17783 | D:14     | Killed a centaur warrior
 17784 | D:14     | Reached skill level 7 in Necromancy
 17960 | D:14     | Reached skill level 6 in Polearms
 17962 | D:14     | HP: 6/81 [cyan ugly thing (13)]
 17963 | D:14     | Reached skill level 8 in Conjurations
 17967 | D:14     | Noticed a sphinx
 17967 | D:14     | Noticed a stone giant
 17967 | D:14     | Noticed an ettin
 17967 | D:14     | Noticed a deep elf annihilator
 17972 | D:14     | Noticed a catoblepas
 17972 | D:14     | Noticed a centaur warrior
 17977 | D:14     | HP: 4/81 [catoblepas/blast of calcifying dust (6)]
 18001 | D:14     | Noticed Louise
 18211 | D:14     | Reached skill level 7 in Air Magic
 18218 | D:14     | Noticed Nessos
 18250 | D:14     | Offered knowledge of Conjure Ball Lightning by Vehumet.
 18314 | D:14     | Noticed a centaur warrior
 18318 | D:14     | Killed a centaur warrior
 18319 | D:14     | Reached skill level 4 in Shields
 18319 | D:14     | Reached XP level 14. HP: 88/88 MP: 21/25
 18328 | D:14     | Reached skill level 7 in Ice Magic
 18336 | D:14     | Reached skill level 8 in Spellcasting
 18356 | D:14     | Killed Nessos
 18360 | D:14     | Killed Louise
 18510 | D:14     | Found a hazy altar of Hepliaklqana.
 18662 | D:14     | Reached skill level 8 in Earth Magic
 19003 | Lair:1   | Entered Level 1 of the Lair of Beasts
 19143 | Lair:1   | Identified 3 scrolls of acquirement
 19148 | Lair:1   | Acquired the ring "Bomisho" {Drain rPois Str+2 Int+3 Dex+4}
 19149 | Lair:1   | Acquired 915 gold pieces
 19150 | Lair:1   | Acquired the +2 cloak "Veuw" {rElec}
 19180 | Lair:1   | Reached skill level 8 in Necromancy
 19183 | Lair:1   | Reached skill level 5 in Evocations
 19789 | Lair:1   | Found the +8 whip "Snakebite" {venom, curare, rPois}
 19891 | Lair:1   | Reached skill level 7 in Polearms
 20172 | Lair:2   | Reached skill level 1 in Maces & Flails
 20614 | Lair:2   | Reached skill level 9 in Conjurations
 20746 | Lair:2   | Found a hole to the Spider Nest.
 21208 | Lair:2   | Found a glowing silver altar of Zin.
 21539 | Lair:3   | Reached skill level 8 in Air Magic
 21618 | Lair:3   | Noticed Nergalle
 21625 | Lair:3   | Killed Nergalle
 21626 | Lair:3   | Reached XP level 15. HP: 93/93 MP: 8/27
 21915 | Lair:3   | Reached skill level 2 in Maces & Flails
 21918 | Lair:3   | Reached skill level 8 in Ice Magic
 22095 | Lair:3   | Found a staircase to the Shoals.
 22574 | Lair:3   | Offered knowledge of Starburst by Vehumet.
 22578 | Lair:3   | Reached skill level 5 in Shields
 23341 | Lair:4   | Reached skill level 9 in Earth Magic
 23385 | Lair:4   | Reached skill level 3 in Maces & Flails
 23727 | Lair:4   | Reached skill level 9 in Spellcasting
 24285 | Lair:5   | Entered Level 5 of the Lair of Beasts
 24296 | Lair:4   | Reached skill level 7 in Ranged Weapons
 24690 | Lair:5   | Reached skill level 9 in Necromancy
 25157 | Lair:5   | Found a staircase to the Slime Pits.
 25361 | Lair:5   | Offered knowledge of Iskenderun's Battlesphere by Vehumet.
 26450 | Lair:5   | Reached XP level 16. HP: 55/99 MP: 13/29
 26580 | Lair:5   | Reached skill level 4 in Maces & Flails
 26653 | Lair:5   | Reached skill level 9 in Ice Magic
 26858 | Lair:5   | Found a corrupted altar of Lugonu.
 26858 | Lair:5   | Found a one-way gate to the infinite horrors of the Abyss.
 26881 | Lair:5   | Learned a level 7 spell: Ozocubu's Refrigeration
 27276 | Orc:1    | Entered Level 1 of the Orcish Mines
 27298 | Orc:2    | Entered Level 2 of the Orcish Mines
 27298 | Orc:2    | Found a staircase to the Elven Halls.
 27305 | Orc:2    | Reached skill level 8 in Polearms
 27348 | Orc:2    | Noticed Jorgrun
 27350 | Orc:2    | Reached skill level 2 in Throwing
 27373 | Orc:2    | Killed Jorgrun
 27389 | Orc:2    | Found a frozen archway.
 27433 | IceCv    | Entered an ice cave
 28129 | IceCv    | Reached skill level 9 in Air Magic
 28541 | IceCv    | Found a viscous altar of Jiyva.
 28541 | IceCv    | Noticed an azure jelly
 28548 | IceCv    | Killed an azure jelly
 28549 | IceCv    | Reached skill level 6 in Evocations
 28606 | IceCv    | Identified the +6 scale mail of the Evening {Str+6}
 28717 | Orc:2    | Found Ocytacki's Jewellery Emporium.
 28785 | Orc:2    | Reached ****** piety under Vehumet
 28926 | Orc:2    | Noticed Donald
 28939 | Orc:2    | HP: 7/99 [Donald/+3 broad axe of freezing (15)]
 28939 | Orc:2    | Slain by Donald

Vanquished Creatures
  Jorgrun (Orc:2)
  An azure jelly (IceCv)
  Louise (D:14)
  2 quicksilver oozes (IceCv)
  Nessos (D:14)
  A catoblepas (Lair:4)
  2 hydras (Lair:4)
  4 centaur warriors
  A death knight (D:14)
  2 two-headed ogres (D:11)
  4 boulder beetles
  3 tengu warriors
  4 death yaks (Lair:1)
  3 thrashing horrors (Lair:5)
  Nergalle (Lair:3)
  A skyshark (Lair:2)
  A fire crab (shapeshifter) (Lair:5)
  A swamp dragon (Lair:5)
  A phantasmal warrior (D:14)
  4 orc knights
  An orc sorcerer (Orc:2)
  3 deep elf pyromancers
  24 ugly things
  2 cyclopes
  5 elephants (Lair:3)
  2 manticores
  5 black mambas
  2 ice statues (IceCv)
  A guardian serpent (shapeshifter) (Lair:5)
  14 cane toads
  2 smoke demons (Lair:5)
  A gargoyle (D:13)
  4 rime drakes
  A torpor snail (Lair:4)
  A rime drake (shapeshifter) (Lair:5)
  2 ancient zymes (Lair:5)
  2 kobold demonologists (D:10)
  11 komodo dragons
  A freezing wraith (D:14)
  A tengu conjurer (D:10)
  4 trolls
  A queen bee (shapeshifter) (D:10)
  5 polar bears
  2 hornets
  Grinder (D:3)
  A wind drake (Lair:3)
  6 dream sheep (Lair:5)
  21 blink frogs
  A jumping spider (Lair:2)
  12 slime creatures
  A shadow (D:9)
  2 culicivoras (Lair:2)
  Sigmund (D:4)
  2 wyverns
  A ynoxinul (Lair:5)
  3 hogs (D:7)
  76 yaks
  4 wraiths
  A vampire (D:11)
  4 steam dragons
  A fire elemental (Lair:5)
  4 humans
  4 basilisks
  3 vampire mosquitoes (D:12)
  A warg (D:14)
  An acid dragon (D:12)
  20 water moccasins
  An ice beast (D:7)
  10 small abominations (Lair:5)
  A sky beast (D:6)
  3 large abominations (Lair:5)
  3 black bears
  10 orc warriors
  A boggart (D:14)
  4 great orb of eyes simulacra (IceCv)
  20 centaurs
  3 ogres
  6 wolves (Lair:2)
  4 slime creature simulacra (IceCv)
  12 bullfrogs
  2 elf zombies (Ossuary)
  3 kobold brigands
  4 scorpions
  2 necrophages (D:6)
  3 glowing shapeshifter simulacra (IceCv)
  2 gnoll sergeants
  11 wights
  3 electric eels
  12 killer bees
  4 howler monkeys
  A centaur zombie (Ossuary)
  A human zombie (Ossuary)
  13 orc priests
  A hound (D:5)
  12 jellies
  2 iguanas
  Terence (D:3)
  Natasha (thrice) (D:2)
  11 orc wizards
  A shapeshifter simulacrum (IceCv)
  2 mummies (Ossuary)
  Robin (D:2)
  7 gnolls
  11 adders
  6 river rats (Sewer)
  A white imp (D:7)
  3 adder zombies (Ossuary)
  A worm (D:3)
  2 dart slugs
  52 orcs
  11 endoplasms
  4 giant cockroaches
  15 goblins
  9 hobgoblins
  10 jackals
  2 quokkas
  7 ball pythons
  5 bats
  4 frilled lizards
  5 hobgoblin zombies (Ossuary)
  2 jackal zombies (Ossuary)
  13 kobolds
  12 kobold zombies (Ossuary)
  7 orc zombies (Ossuary)
  11 rats
  3 rat zombies (Ossuary)
  2 bushes (Lair:4)
685 creatures vanquished.

Vanquished Creatures (collateral kills)
  An orc warlord (Orc:2)
  An orc sorcerer (Orc:2)
  An elephant (Lair:3)
  An orc warrior (Orc:2)
  2 orc priests (Orc:2)
  3 orcs (Orc:2)
  18 foxfires
27 creatures vanquished.

Vanquished Creatures (others)
  A deep elf pyromancer (D:13)
  881 foxfires
  14 fungi
  85 plants
981 creatures vanquished.

Grand Total: 1693 creatures vanquished

Table legend: (Time is in decaauts)
 A = Elapsed time spent in this place.
 B = Non-inter-level travel time spent in this place.
 C = Inter-level travel time spent in this place.
 D = Time resting spent in this place.
 E = Time spent auto-exploring this place.
 F = Levels seen in this place.
 G = Mean time per level.
                   A        B        C        D        E       F      G
               +--------+--------+--------+--------+--------+-----+--------+
         Total |  29241 |  28274 |    967 |   1717 |  21626 |  25 | 1169.6 |
       Dungeon |  17416 |  16798 |    618 |   1236 |  12795 |  14 | 1244.0 |
        Temple |     59 |     41 |     18 |      0 |     29 |   1 |   59.0 |
          Lair |   8271 |   7943 |    328 |     82 |   6629 |   5 | 1654.2 |
  Orcish Mines |    394 |    392 |      2 |     12 |    176 |   2 |  197.0 |
         Sewer |   1250 |   1250 |      0 |      0 |   1055 |   1 | 1250.0 |
       Ossuary |    571 |    571 |      0 |      0 |    395 |   1 |  571.0 |
      Ice Cave |   1276 |   1276 |      0 |    387 |    547 |   1 | 1276.0 |
               +--------+--------+--------+--------+--------+-----+--------+

Top non-repeatable levels by time:
  Lair:5: 2784 daAuts
    D:10: 2135 daAuts
     D:6: 1890 daAuts
  Lair:3: 1693 daAuts
     D:9: 1442 daAuts
     D:7: 1442 daAuts
  Lair:2: 1374 daAuts
     D:5: 1335 daAuts
   IceCv: 1276 daAuts
   Sewer: 1250 daAuts
  Lair:4: 1221 daAuts
     D:3: 1211 daAuts
  Lair:1: 1196 daAuts
    D:12: 1139 daAuts
    D:11: 1128 daAuts

Table legend:
 A = Non-vault XP
 B = Vault XP
 C = Vault XP percentage of total XP
 D = Non-vault monster count
 E = Vault monster count
 F = Vault count percentage of total count
                 A         B        C        D         E       F
            +---------+---------+-------+---------+---------+-------
      Total |   83772 |   46522 |  35.7 |     451 |     242 |  34.9
            +---------+---------+-------+---------+---------+-------
        D:1 |      16 |       0 |   0.0 |       9 |       0 |   0.0
        D:2 |     112 |      72 |  39.1 |      21 |      13 |  38.2
        D:3 |     225 |     324 |  59.0 |      32 |       4 |  11.1
        D:4 |      62 |     214 |  77.5 |      14 |       1 |   6.7
        D:5 |     569 |      46 |   7.5 |      18 |       3 |  14.3
        D:6 |    1217 |       0 |   0.0 |      27 |       0 |   0.0
        D:7 |     419 |    1079 |  72.0 |       6 |       9 |  60.0
        D:8 |    1118 |       0 |   0.0 |      16 |       0 |   0.0
        D:9 |    2829 |     223 |   7.3 |      25 |       1 |   3.8
       D:10 |    4177 |    6625 |  61.3 |      23 |      20 |  46.5
       D:11 |    3832 |       0 |   0.0 |      16 |       0 |   0.0
       D:12 |    4458 |       0 |   0.0 |      19 |       0 |   0.0
       D:13 |    5590 |       0 |   0.0 |       9 |       0 |   0.0
       D:14 |   17357 |    4437 |  20.4 |      39 |       9 |  18.8
     Lair:1 |    6896 |    2465 |  26.3 |      21 |      12 |  36.4
     Lair:2 |    6368 |     674 |   9.6 |      24 |       3 |  11.1
     Lair:3 |    9377 |    1628 |  14.8 |      32 |       3 |   8.6
     Lair:4 |    8479 |    3407 |  28.7 |      31 |      11 |  26.2
     Lair:5 |    5839 |   14370 |  71.1 |      23 |      60 |  72.3
      Orc:2 |    4381 |    2653 |  37.7 |      44 |       7 |  13.7
      Sewer |       0 |     219 | 100.0 |       0 |      22 | 100.0
    Ossuary |       0 |     356 | 100.0 |       0 |      38 | 100.0
      IceCv |     451 |    7730 |  94.5 |       2 |      26 |  92.9
            +---------+---------+-------+---------+---------+-------
